 Dungeon Crawl Stone Soup version 0.29.1-1-gd02db6906a (webtiles) character file.

Game seed: 6960189909688513502

32 RogueRain17 the Ruffian (level 3, -1/27 HPs)
             Began as a Demonspawn Gladiator on Sept 16, 2022.
             Succumbed to an adder's poison
             ... on level 2 of the Dungeon.
             The game lasted 00:01:51 (1711 turns).

RogueRain17 the Ruffian (Demonspawn Gladiator)      Turns: 1711, Time: 00:01:52

Health: -1/27      AC:  4    Str: 16    XL:     3   Next: 10%
Magic:  3/3        EV: 12    Int:  9    God:
Gold:   33         SH:  0    Dex: 14    Spells: 2/2 levels left

rFire   . . .      SeeInvis .     - Unarmed
rCold   . . .      Faith    .   (no shield)
rNeg    . . .      Spirit   .   a - +0 leather armour
rPois   .          Reflect  .   b - +0 helmet
rElec   .          Harm     .   (no cloak)
rCorr   .          Rampage  .   (no gloves)
Will    .....                   (no boots)
Stlth   +.........              (no amulet)
HPRegen 0.09/turn               (no ring)
MPRegen 0.08/turn               (no ring)

@: lethally poisoned (-1 -> -6)
A: ignite blood 1
a: no special abilities


You were on level 2 of the Dungeon.
You visited 1 branch of the dungeon, and saw 2 of its levels.

You collected 33 gold pieces.

Inventory:

Missiles
 c - 3 throwing nets (quivered)
 d - a javelin
Armour
 a - a +0 leather armour (worn)
 b - a +0 helmet (worn)
Scrolls
 f - a scroll of noise {unknown}
 g - 2 scrolls of teleportation {unknown}
 h - 2 scrolls of identify {unknown}
Potions
 e - 3 potions of magic {unknown}
 i - a potion of curing {unknown}
 j - a potion of brilliance {unknown}
 k - a potion of flight {unknown}


   Skills:
 + Level 2.2 Fighting
 - Level 1.7 Throwing
 + Level 0.1 Armour
 + Level 3.0 Dodging
 + Level 0.2 Stealth
 * Level 3.4 Unarmed Combat


You had 2 spell levels left.
You didn't know any spells.
Your spell library was empty.

Dungeon Overview and Level Annotations

Branches:
Dungeon (2/15)

Altars:


Innate Abilities, Weirdness & Mutations

Your demonic aura sometimes causes spilled blood to erupt in flames.


Message History

The adder is severely wounded.
The rat misses you. The adder bites you.
You are poisoned.
The adder poisons you! The frilled lizard closely misses you.
You miss the adder.
The adder is severely wounded.
You feel sick. The adder closely misses you. The rat bites you.
The frilled lizard barely misses you.
You are too injured to fight recklessly!
You are too injured to fight recklessly!
You are too injured to fight recklessly!
You miss the adder.
The adder is severely wounded.
You feel sick. The adder bites you. The rat bites you but does no damage.
The frilled lizard bites you but does no damage.
The adder bites you.
* * * LOW HITPOINT WARNING * * *
You are lethally poisoned!
The adder poisons you!
You miss the adder.
The adder is severely wounded.
* * * LOW HITPOINT WARNING * * *
You feel very sick. The rat barely misses you.
The frilled lizard barely misses you. The adder closely misses you.
You hit the adder but do no damage.
The adder is severely wounded.
* * * LOW HITPOINT WARNING * * *
You feel sick. The adder barely misses you. The rat closely misses you.
The frilled lizard closely misses you.
You barely miss the adder.
The adder is severely wounded.
* * * LOW HITPOINT WARNING * * *
You feel sick. The adder closely misses you. The rat misses you.
The frilled lizard closely misses you.
Unknown command.
Unknown command.
There is a lethal amount of poison in your body!
The adder attacks as you move away! The adder barely misses you.
You die...

#.......##.# ...
#.......##.# ...
#####.......##.#
.... ...+.........>#
.....
#.##.......####
.....####.##.......#
................)..#
......S............#
......l.@...#'######
####..r.......#
#.........##
#.........#
#.........#
#.........# ...
#...!.....#
...###....##.. ..
##.##.##...


You could see an adder, a frilled lizard and a rat.

Vanquished Creatures
  8 endoplasms (D:1)
  A giant cockroach (D:1)
  3 goblins (D:1)
  8 jackals (D:1)
  3 kobolds
  3 rats
26 creatures vanquished.

Vanquished Creatures (others)
  5 demonic plants (D:1)
  4 fungi (D:1)
  8 plants (D:1)
  3 withered plants (D:1)
20 creatures vanquished.

Grand Total: 46 creatures vanquished

Notes
Turn   | Place    | Note
-------+----------+-------------------------------------------
     0 | D:1      | RogueRain17 the Demonspawn Gladiator began the quest for
                  | the Orb.
     0 | D:1      | Reached XP level 1. HP: 16/16 MP: 1/1
   377 | D:1      | Gained mutation: Your demonic aura sometimes causes spilled
                  | blood to erupt in flames. [demonic ancestry]
   377 | D:1      | Reached XP level 2. HP: 21/22 MP: 2/2
   997 | D:1      | Reached XP level 3. HP: 25/27 MP: 3/3
  1140 | D:1      | Found a faded altar of an unknown god.
  1710 | D:2      | HP: 1/27 [poisoned by an adder]
  1711 | D:2      | Succumbed to an adder's poison

Illustrated notes

Levels and vault maps discovered:
D:1:      zelgadis_glass_arrival_small, layout_basic,
          shapermc_ecumenical_altar_gd, minmay_misc_feat_five
D:2:      layout_basic, basic_altar

Skill      XL: |  1  2 |
---------------+-------+-----
Unarmed Combat | 3 |  3.4
Dodging        | 3 |  3.0
Fighting       | |  2.2
Throwing       | |  1.7
Armour         | |  0.1
Stealth        | |  0.2

Action                   || total
-------------------------++-------
Melee: Unarmed           ||   125
       Punch             ||     2
 Stab: Sleeping          ||     2
Armor: Leather armour    ||    48
Dodge: Dodged            ||    84
